 Dungeon Crawl Stone Soup version 0.22-b1-21-g5cfc168 (webtiles) character file.

38 Gorglomux the Cutter (level 3, -1/18 HPs)
             Began as a Vine Stalker Gladiator on Aug 4, 2018.
             Slain by a goblin (4 damage)
             ... led by Robin
             ... on level 2 of the Dungeon.
             The game lasted 00:00:43 (923 turns).

Gorglomux the Cutter (Vine Stalker Gladiator)        Turns: 923, Time: 00:00:44

Health: -1/18      AC:  5    Str: 17    XL:     3   Next: 43%
Magic:  0/4        EV: 18    Int:  8    God:
Gold:   62         SH:  0    Dex: 20    Spells: 2/2 levels left

rFire    . . .     SeeInvis .   a - +0 rapier
rCold    . . .     Gourm    .   (no shield)
rNeg     . . .     Faith    .   b - +0 leather armour
rPois    .         Spirit   +   c - +0 helmet
rElec    .         Reflect  .   Y - +0 cloak
rCorr    .         Harm     .   (no gloves)
MR       .....                  (no boots)
Stlth    +++.......             (no amulet)
HPRegen  0.06/turn              (no ring)
MPRegen  0.09/turn              (no ring)

@: agile, flying
A: fangs 2, magic shield, antimagic bite, no potion heal 3, rot immunity
a: no special abilities


You were on level 2 of the Dungeon.
You were not hungry.

You visited 1 branch of the dungeon, and saw 2 of its levels.

You collected 62 gold pieces.

Inventory:

Hand Weapons
 a - a +0 rapier (weapon)
Missiles
 Z - 3 throwing nets (quivered)
Armour
 b - a +0 leather armour (worn)
 c - a +0 helmet (worn)
 Y - a +0 cloak (worn)
Scrolls
 R - a scroll of fog {unknown}
 S - 2 scrolls of blinking {unknown}
 T - 4 scrolls of identify {unknown}
 U - 3 scrolls of remove curse {unknown}
Comestibles
 f - 2 rations


   Skills:
 + Level 2.2 Fighting
 + Level 3.0 Short Blades
 - Level 1.7 Throwing
 + Level 1.0 Armour
 + Level 2.7 Dodging


You had 2 spell levels left.
You didn't know any spells.
Your spell library was empty.

Dungeon Overview and Level Annotations

Branches:
Dungeon (2/15)

Altars:

Annotations:
D:2 Robin


Innate Abilities, Weirdness & Mutations

You have extremely sharp teeth.
When hurt, damage is shared between your health and your magic reserves.
Your bite disrupts and absorbs the magic of your enemies.
Potions cannot restore your health.
You are immune to rotting.


Message History

* * * don't die
* * * The goblin hits you but does no butt!
The goblin barely misses you!
The goblin butts you but does no damage!
The hobgoblin misses you!
It butts a potion of flight!
You feel very buoyant!
You fly up into the air!
The adder barely misses you! The goblin hits you but does no damage!
The goblin barely misses you! The goblin butt-ly misses you!
The goblin hits you with a dagger! The hobgoblin completely misses you!
The adder bites you but does no damage!
Unknown command!
It was a potion of heal butts!
That seemed strangely inert!
The goblin closely misses you! The goblin barely misses you!
The adder closely misses you! The goblin closely misses you!
The butt hits you but does no damage!
The hobgoblin hits you but does no damage!
You barely miss the goblin! You bite the goblin, but do no damage!
The goblin completely misses you! The adder completely misses you!
The goblin hits you but does no damage! The goblin hits you! butt

##########
....(.... #....#
#...<#
#...g###.#
#...S@ggg#
#.....ggggg)...
........ggg...##
..............#
.>..###########
.../ ...


You could see Robin, an adder, a hobgoblin and 10 goblins.

Vanquished Creatures
  An ooze (D:1)
  A leopard gecko (D:1)
  3 bats (D:1)
  5 goblins
  6 hobgoblins (D:1)
  4 jackals (D:1)
  5 frilled lizards (D:1)
  2 kobolds (D:1)
  3 rats (D:1)
30 creatures vanquished.

Notes
Turn   | Place    | Note
-------+----------+-------------------------------------------
     0 | D:1      | Gorglomux the Vine Stalker Gladiator began the quest for the Orb.
     0 | D:1      | Reached XP level 1. HP: 11/11 MP: 2/2
    56 | D:1      | Reached XP level 2. HP: 13/15 MP: 3/3
   284 | D:1      | Reached skill level 3 in Short Blades
   332 | D:1      | Reached XP level 3. HP: 18/18 MP: 4/4
   405 | D:1      | Reached skill level 1 in Armour
   913 | D:2      | Noticed Robin
   923 | D:2      | Slain by a goblin

Skill      XL: |  1  2  3 |
---------------+----------+-----
Fighting       | 2 |  2.2
Short Blades   | 3 |  3.0
Armour         | 1 |  1.0
Throwing       | |  1.7
Dodging        | |  2.7

Action                   || total
-------------------------++-------
Melee: Rapier            ||    64
       Bite              ||    12
  Use: Potion            ||     3
Armor: Leather armour    ||    31
Dodge: Dodged            ||    71
